 Dungeon Crawl Stone Soup version 0.31-a0-632-g766dd24fdf (webtiles) character file.

Game seed: 18387776502412401864

3 Ofeo the Digger (level 1, 0/10 HPs)
             Began as a Kobold Earth Elementalist on Aug 25, 2023.
             Slain by a kobold
             ... wielding a +0 short sword
              (3 damage)
             ... on level 1 of the Dungeon.
             The game lasted 00:00:21 (206 turns).

Ofeo the Digger (Kobold Earth Elementalist)          Turns: 206, Time: 00:00:22

Health: 0/10       AC:  2    Str:  5    XL:     1   Next: 55%
Magic:  1/3        EV: 15    Int: 16    God:
Gold:   0          SH:  0    Dex: 15    Spells: 3/4 levels left

rFire   . . .        (weapon restricted)
rCold   . . .        (no shield)
rNeg    . . .        a - +0 robe
rPois   .            (no helmet)
rElec   .            (no cloak)
rCorr   .            (no gloves)
SInv    .            (no boots)
Will    .....        (no amulet)
Stlth   +++          (no ring)
HPRegen 0.21/turn    (no ring)
MPRegen 0.08/turn

%: no passive effects
@: no status effects
A: small, no large weapons, nightstalker 3
a: no special abilities


You were on level 1 of the Dungeon.
You visited 1 branch of the dungeon, and saw 1 of its levels.

Inventory:

Missiles
 c - a throwing net
Armour
 a - a +0 robe (worn)
Potions
 b - a potion of magic
 d - a potion of curing {unknown}
 e - a potion of lignification {unknown}


   Skills:
 + Level 2.5 Dodging
 + Level 2.8 Stealth
 + Level 2.2 Spellcasting
 + Level 1.1 Transmutations
 + Level 3.0 Earth Magic


You had 3 spell levels left.
You knew the following spells:

 Your Spells              Type           Power      Damage    Failure   Level
a - Sandblast             Erth           22%        2d7       6%          1

Your spell library contained the following spells:

 Spells                   Type           Power      Damage    Failure   Level
 Passwall                 Tmut/Erth      6%         N/A       13%         2
 Stone Arrow              Conj/Erth      12%        3d7       32%         3
 Petrify                  Tmut/Erth      8%         N/A       65%         4


Dungeon Overview and Level Annotations

Branches:
Dungeon (1/15)

Altars:


Innate Abilities, Weirdness & Mutations

You are small and have problems with some larger weapons.
You are completely attuned to the shadows.


Message History

There are monsters nearby!
You are out of magic!
There are monsters nearby!
You are out of magic!
You are out of magic!
You are out of magic!
The kobold attacks as it pursues you! The kobold closely misses you.
The kobold closely misses you. The kobold attacks as it pursues you!
The kobold closely misses you.
You closely miss the kobold.
The kobold is moderately wounded.
A goblin comes into view. It is wielding a +0 club.
The kobold hits you with a +0 short sword.
You take 2 damage, and have 8/10 hp.
You closely miss the kobold.
The kobold is moderately wounded.
The ball python closely misses you. x2; The kobold misses you.
Your magical contamination has completely faded away.
You closely miss the kobold.
The kobold is moderately wounded.
The ball python completely misses you. The ball python grabs you.
The ball python constricts you.
The kobold hits you with a +0 short sword.
The ball python closely misses you. The ball python constricts you.
You take 3 damage, and have 5/10 hp.
MASSIVE DAMAGE!!
You closely miss the kobold.
The kobold is moderately wounded.
The kobold hits you but does no damage. The ball python barely misses you.
The ball python constricts you.
You take 1 damage, and have 4/10 hp.
You escape the ball python's grasp.
The kobold barely misses you. The goblin hits you but does no damage.
The ball python attacks as it pursues you!
The ball python bites you.
* * * LOW HITPOINT WARNING * * *
The ball python closely misses you.
You take 1 damage, and have 3/10 hp.
The kobold attacks as it pursues you!
The kobold hits you with a +0 short sword.
You die...

#................#
#................#
#......##........#
###......##........###
#####....#...............†
....'....#.#..............
....#...S#.+..............
....#..gK###.....#########
....####.@.'.....# ....
#####..... #..... #.....
..##


You could see a goblin, a ball python and a kobold.

Vanquished Creatures
  2 ball pythons (D:1)
  An endoplasm (D:1)
3 creatures vanquished.

Notes
Turn   | Place    | Note
-------+----------+-------------------------------------------
     0 | D:1      | Ofeo the Kobold Earth Elementalist began the quest for the
                  | Orb.
     0 | D:1      | Reached XP level 1. HP: 10/10 MP: 3/3
   206 | D:1      | Slain by a kobold

Illustrated notes

Levels and vault maps discovered:
D:1:      minmay_arrival_split_and_join, layout_basic, serial_shops,
          nicolae_shop_hallway_plus

Action                     || total
---------------------------++-------
  Melee: Unarmed           ||    13
   Cast: Sandblast         ||     3
   Stab: Sleeping          ||     2
 Armour: Robe              ||     3
  Dodge: Dodged            ||    18

Table legend: (Time is in decaauts)
 A = Elapsed time spent in this place.
 B = Non-inter-level travel time spent in this place.
 C = Inter-level travel time spent in this place.
 D = Time resting spent in this place.
 E = Time spent auto-exploring this place.
 F = Levels seen in this place.
 G = Mean time per level.
                   A        B        C        D        E       F      G
               +--------+--------+--------+--------+--------+-----+--------+
         Total |    207 |    207 |      0 |      0 |    166 |   1 |  207.0 |
       Dungeon |    207 |    207 |      0 |      0 |    166 |   1 |  207.0 |
               +--------+--------+--------+--------+--------+-----+--------+

Top non-repeatable levels by time:
     D:1: 207 daAuts
